 Dungeon Crawl Stone Soup version 0.22-a0-284-g99d1f74 (webtiles) character file.

15778 Auros the Bludgeoner (level 12, -1/106 HPs)
             Began as a Minotaur Berserker on Mar 21, 2018.
             Was a High Priest of Trog.
             Slain by Snorg (7 damage)
             ... on level 3 of the Lair of Beasts.
             The game lasted 01:12:49 (9177 turns).

Auros the Bludgeoner (Minotaur Berserker)           Turns: 9177, Time: 01:12:49

Health: -1/106     AC: 12    Str: 22    XL:     12   Next: 4%
Magic:  11/11      EV:  2    Int:  4    God:    Trog [*****.]
Gold:   614        SH:  0    Dex: 18    Spells: 11/11 levels left

rFire    . . .     SeeInvis .   Y - +3 executioner's axe (freeze)
rCold    . . .     Gourm    .   (shield currently unavailable)
rNeg     + + +     Faith    .   i - +2 ring mail
rPois    ∞         Spirit   .   (helmet restricted)
rElec    .         Reflect  .   (no cloak)
rCorr    .         Harm     .   y - +2 pair of gloves
MR       .....                  (no boots)
Stlth    +.........             (no amulet)
HPRegen  0.27/turn              G - +3 ring of dexterity
MPRegen  0.12/turn              u - ring of poison resistance

@: petrified
A: retaliatory headbutt, horns 2
a: Berserk, Trog's Hand, Brothers in Arms, Renounce Religion


You were on level 3 of the Lair of Beasts.
You worshipped Trog.
Trog was extremely pleased with you.
You were not hungry.

You visited 2 branches of the dungeon, and saw 12 of its levels.

You collected 614 gold pieces.

Inventory:

Hand Weapons
 f - a +0 hunting sling
 z - a +1 mace of venom
 B - a +5 mace
 C - a +0 halberd of flaming
 J - a +0 whip of electrocution
 K - a +5 morningstar
 L - a cursed -1 flail
 Y - a +3 executioner's axe of freezing (weapon)
Missiles
 h - 7 tomahawks (quivered)
 n - 191 arrows
 v - 53 bolts
 A - 206 stones
Armour
 b - a +2 robe of fire resistance
 i - a +2 ring mail (worn)
 r - a +0 troll leather armour
 y - a +2 pair of gloves (worn)
 O - a +0 pair of gloves
 Q - a +0 ring mail
Magical Staves
 q - an uncursed staff of conjuration {unknown}
Jewellery
 m - an uncursed ring of protection from fire
 u - a ring of poison resistance (right hand)
 w - an uncursed ring of protection from magic
 G - a +3 ring of dexterity (left hand)
 R - an uncursed ring of see invisible
Wands
 N - a wand of paralysis (18)
 P - a wand of acid (12)
 V - a wand of digging (12)
Scrolls
 g - 11 scrolls of identify
 j - 3 scrolls of fog
 k - 4 scrolls of teleportation
 l - a scroll of immolation {unknown}
 o - 2 scrolls of remove curse
 t - 4 scrolls of blinking
 H - 2 scrolls of vulnerability {unknown}
 I - a scroll of enchant weapon
 S - a scroll of summoning {unknown}
 T - a scroll of enchant armour
 U - a scroll of amnesia {unknown}
 W - a scroll of fear
Potions
 a - 3 potions of haste
 d - a potion of heal wounds {unknown}
 e - a potion of magic {unknown}
 p - a potion of berserk rage {unknown}
 s - 5 potions of curing
 x - 2 potions of brilliance {unknown}
 D - 2 potions of might {unknown}
 E - 2 potions of flight {unknown}
 F - 3 potions of agility {unknown}
 M - a potion of lignification {unknown}
Miscellaneous
 X - a phial of floods
Comestibles
 c - 21 rations


   Skills:
 + Level 9.8 Fighting
 * Level 5.6(12.4) Axes
 - Level 16.7(17.0) Maces & Flails
 + Level 0.1 Throwing
 + Level 9.5 Armour
 + Level 6.7 Dodging


You had 11 spell levels left.
You didn't know any spells.

Dungeon Overview and Level Annotations

Branches:
Dungeon (9/15)             Temple (0/1) D:5            Lair (3/6) D:9
  Swamp (0/4) Lair:3
  Snake: Lair:2-4    Spider: Lair:2-4       Orc: D:9-12

Altars:
Gozag
Kikubaaqudgha
Okawaru
Ru
Trog
Wu Jian
The Shining One

Shops:
D:7 (   D:8 (

Annotations:
Lair:3 Snorg


Innate Abilities, Weirdness & Mutations

You reflexively headbutt those who attack you in melee.
You have a pair of horns on your head.


Message History

You resist with some effort.
Snorg goes berserk!
The basilisk bites you. Snorg bites you! Snorg claws you! Snorg claws you.
The basilisk gazes at you. You resist with some effort. Snorg bites you!
Snorg claws you!
* * * LOW HITPOINT WARNING * * *
Snorg claws you!
* * * LOW HITPOINT WARNING * * *
Snorg bites you!
* * * LOW HITPOINT WARNING * * *
Snorg claws you!
* * * LOW HITPOINT WARNING * * *
Snorg claws you!
* * * LOW HITPOINT WARNING * * *
The basilisk bites you!
* * * LOW HITPOINT WARNING * * *
Snorg bites you.
* * * LOW HITPOINT WARNING * * *
Snorg claws you!
You die...

##. #. ..# #. #.# ..
#.## ## #. ###..#
#..# #. ###.#..# ###
.#.PP#.##.#.#.####.##
#. ..
....................#
.[#.P..
.......@.......###..#
P..#P.##
##.###lT.###.### ##.#
..#....### # #.###
### ##.# ...#..P..#.#
P.. #..## #..........
.... ##..## ..P#...P#
##..# ##...# ...#P.#
### #...## #.#...#
#..## #.###.## ###.##


You could see Snorg (berserk) and a basilisk.

Vanquished Creatures
  A hydra (Lair:3)
  2 two-headed ogres (D:8)
  A death yak (Lair:1)
  The ghost of ultrashaft the Transmogrifier, a novice DrTm of Gozag (D:7)
  The ghost of enarc13 the Caller, a novice BaWz (D:6)
  Pikel (D:7)
  A black mamba (Lair:1)
  2 spiny frogs (Lair:2)
  A komodo dragon (Lair:1)
  A queen bee (Lair:2)
  A troll (D:9)
  8 blink frogs
  5 hippogriffs
  Sigmund (D:2)
  8 spriggans (Lair:1)
  A shadow (D:8)
  A wyvern (D:8)
  4 yaks (D:7)
  2 basilisks
  2 porcupines (Lair:1)
  3 water moccasins (Lair:1)
  3 ice beasts
  3 sky beasts
  4 orc warriors
  4 phantoms
  5 ogres
  3 crocodiles
  6 bullfrogs
  22 killer bees (Lair:2)
  2 scorpions
  8 wights
  2 crimson imps
  A centaur zombie (D:5)
  2 hounds
  5 orc priests
  A gnoll shaman (D:5)
  A jelly (D:6)
  9 orc wizards
  Terence (D:3)
  A bullfrog skeleton (D:7)
  6 iguanas
  3 worker ants
  A hound skeleton (D:4)
  A howler monkey zombie (D:4)
  2 worker ant zombies
  12 gnolls
  14 adders
  2 adder zombies
  An adder skeleton (D:8)
  A dart slug (D:4)
  2 worms
  A leopard gecko (D:4)
  45 orcs
  A ball python (D:3)
  5 giant cockroaches
  4 hobgoblins
  9 jackals
  4 quokkas
  9 bats
  6 frilled lizards
  4 goblins
  5 kobolds
  A leopard gecko skeleton (D:4)
  2 quokka skeletons
  A quokka zombie (D:8)
  4 rats
  A fungus (Lair:3)
278 creatures vanquished.

Vanquished Creatures (others)
  An orc (D:7)
  A plant (Lair:3)
  7 toadstools (D:1)
9 creatures vanquished.

Grand Total: 287 creatures vanquished

Notes
Turn   | Place    | Note
-------+----------+-------------------------------------------
     0 | D:1      | Auros the Minotaur Berserker began the quest for the Orb.
     0 | D:1      | Reached XP level 1. HP: 19/19 MP: 0/0
   389 | D:1      | Reached XP level 2. HP: 27/27 MP: 1/1
   553 | D:2      | Noticed Sigmund
   644 | D:2      | Killed Sigmund
   644 | D:2      | Reached skill level 5 in Fighting
   644 | D:2      | Reached skill level 5 in Axes
   644 | D:2      | Reached XP level 3. HP: 36/36 MP: 2/2
   644 | D:2      | Reached XP level 4. HP: 42/42 MP: 3/3
   644 | D:2      | Reached XP level 5. HP: 48/48 MP: 4/4
   896 | D:2      | Found an ancient bone altar of Kikubaaqudgha.
  1151 | D:3      | Noticed Terence
  1156 | D:3      | Killed Terence
  1181 | D:3      | Reached ** piety under Trog
  1250 | D:3      | Reached XP level 6. HP: 52/56 MP: 5/5
  1560 | D:4      | Reached skill level 1 in Maces & Flails
  1592 | D:5      | Entered Level 5 of the Dungeon
  1670 | D:5      | Reached skill level 2 in Maces & Flails
  1687 | D:5      | Reached skill level 5 in Armour
  1687 | D:5      | Reached XP level 7. HP: 38/62 MP: 6/6
  1902 | D:4      | Reached skill level 3 in Maces & Flails
  2018 | D:4      | Reached *** piety under Trog
  2136 | D:4      | Found an iron altar of Okawaru.
  2150 | D:4      | Reached skill level 4 in Maces & Flails
  2703 | D:5      | Found a staircase to the Ecumenical Temple.
  2767 | D:5      | Reached skill level 5 in Maces & Flails
  2775 | D:5      | Reached skill level 6 in Maces & Flails
  2775 | D:5      | Reached XP level 8. HP: 53/70 MP: 7/7
  2824 | D:5      | Reached skill level 7 in Maces & Flails
  3294 | D:6      | Reached skill level 8 in Maces & Flails
  3510 | D:6      | Reached **** piety under Trog
  3578 | D:6      | Reached skill level 9 in Maces & Flails
  3586 | D:6      | Noticed enarc13's ghost (novice BaWz)
  3591 | D:6      | Reached XP level 9. HP: 50/78 MP: 8/8
  3933 | D:6      | Killed enarc13's ghost
  3933 | D:6      | Reached skill level 10 in Maces & Flails
  4250 | D:7      | Noticed ultrashaft's ghost (novice DrTm)
  4259 | D:7      | Killed ultrashaft's ghost
  4259 | D:7      | Reached skill level 11 in Maces & Flails
  4259 | D:7      | Reached skill level 5 in Dodging
  4316 | D:7      | Found Fangih's Weapon Emporium.
  4379 | D:7      | Found a sacrificial altar of Ru.
  4402 | D:7      | Reached ***** piety under Trog
  4437 | D:7      | Reached skill level 12 in Maces & Flails
  4442 | D:7      | Reached XP level 10. HP: 86/88 MP: 9/9
  4504 | D:7      | Noticed Pikel
  4536 | D:7      | Killed Pikel
  4872 | D:8      | Reached skill level 13 in Maces & Flails
  4938 | D:8      | Noticed a two-headed ogre
  4946 | D:8      | Killed a two-headed ogre
  5053 | D:8      | Noticed a two-headed ogre
  5059 | D:8      | Killed a two-headed ogre
  5059 | D:8      | Reached skill level 14 in Maces & Flails
  5128 | D:8      | Found an ornate altar of the Wu Jian Council.
  5128 | D:8      | Found an opulent altar of Gozag.
  5129 | D:8      | Found a glowing golden altar of the Shining One.
  5193 | D:8      | Found Ugocko's Antique Weapon Shop.
  5580 | D:9      | Found a bloodstained altar of Trog.
  5642 | D:9      | Found a staircase to the Lair.
  5877 | Lair:1   | Entered Level 1 of the Lair of Beasts
  5946 | Lair:1   | Reached XP level 11. HP: 95/95 MP: 10/10
  6135 | Lair:1   | Reached skill level 15 in Maces & Flails
  7640 | Lair:2   | Reached skill level 16 in Maces & Flails
  8534 | Lair:2   | Noticed a death yak
  8534 | Lair:2   | Noticed a death yak
  8615 | Lair:1   | Killed a death yak
  8714 | Lair:3   | Noticed a seven-headed hydra
  8733 | Lair:3   | Killed a seven-headed hydra
  9013 | Lair:3   | Found a staircase to the Swamp.
  9082 | Lair:3   | Received a gift from Trog
  9082 | Lair:3   | Reached XP level 12. HP: 89/106 MP: 11/11
  9165 | Lair:3   | Noticed Snorg
  9177 | Lair:3   | Slain by Snorg

Vault maps used:
D:1:      nagdon_arrival_double_spiral
D:2:      wad_crossroads, lemuel_round_altar, minmay_stone_trees_small,
          uniq_sigmund
D:3:      uniq_terence
D:4:      cheibrodos_barr_body, okawaru_ov_weapons_minmay, first_ration,
          chequers_ossuary_entry_cave
D:5:      minmay_temple_entry_trees, yredelemnul_altar_generic
D:6:      grunt_ministairs_5
D:7:      serial_shops, shop, nicolae_ru_sacrificial_ziggurat, uniq_pikel
D:8:      gammafunk_temple_overflow_claw, serial_shops,
          nicolae_shop_behind_doors
D:9:      lemuel_crystal_altar, minmay_lair_entry_lava
Lair:1:   kb_forest_paths
Lair:2:   lemuel_another_geyser
Lair:3:   minmay_swamp_entry_reptiles, minmay_holes, uniq_snorg

Skill      XL: |  1  2  3  4  5  6  7  8  9 10 11 |
---------------+----------------------------------+-----
Fighting       | 5 6 7 8 9 |  9.8
Axes           | 5 |  5.6
Armour         | 3 4 5 6 7 8 9 |  9.5
Dodging        | 3 4 5 6 |  6.7
Maces & Flails | 2 6 9 12 14 16 | 16.7
Throwing       | |  0.1

Action                   |  1- 3 |  4- 6 |  7- 9 | 10-12 || total
-------------------------+-------+-------+-------+-------++-------
Melee: Hand axe          |    22 |    68 |       |       ||    90
       Headbutt          |     2 |    19 |    63 |    66 ||   150
       Mace              |       |    46 |   210 |       ||   256
       Morningstar       |       |       |    57 |   314 ||   371
       Dire flail        |       |       |     8 |       ||     8
       Executioner's axe |       |       |       |     1 ||     1
Throw: Tomahawk          |       |     1 |       |       ||     1
Invok: Berserk           |     1 |     1 |     2 |     7 ||    11
  Use: Scroll            |       |     3 |    11 |     1 ||    15
  Eat: Chunk             |       |     5 |    11 |    14 ||    30
       Ration            |       |       |       |     2 ||     2
Armor: Ring mail         |     6 |    43 |    70 |    83 ||   202
Dodge: Dodged            |    16 |    87 |   153 |   185 ||   441

Table legend:
 A = Spawn XP
 B = Non-spawn XP
 C = Spawn XP percentage of total XP
 D = Spawn monster count
 E = Non-spawn monster count
 F = Spawn count percentage of total count
 G = Total turns spent on level
                    A         B        C        D         E        F      G
               +---------+---------+-------+---------+---------+-------+---------
         Total |       0 |   22541 |   0.0 |       0 |     277 |   0.0 |  9177
               +---------+---------+-------+---------+---------+-------+---------
           D:1 |       0 |      12 |   0.0 |       0 |       8 |   0.0 |   552
           D:2 |       0 |     302 |   0.0 |       0 |      23 |   0.0 |   546
           D:3 |       0 |     166 |   0.0 |       0 |      22 |   0.0 |   416
           D:4 |       0 |     456 |   0.0 |       0 |      31 |   0.0 |  1066
           D:5 |       0 |    1621 |   0.0 |       0 |      40 |   0.0 |  1024
           D:6 |       0 |    1318 |   0.0 |       0 |      18 |   0.0 |   484
           D:7 |       0 |    3162 |   0.0 |       0 |      38 |   0.0 |   762
           D:8 |       0 |    2886 |   0.0 |       0 |      21 |   0.0 |   609
           D:9 |       0 |     533 |   0.0 |       0 |      10 |   0.0 |   418
        Lair:1 |       0 |    5486 |   0.0 |       0 |      24 |   0.0 |  1505
        Lair:2 |       0 |    4157 |   0.0 |       0 |      33 |   0.0 |  1277
        Lair:3 |       0 |    2442 |   0.0 |       0 |       9 |   0.0 |   518
               +---------+---------+-------+---------+---------+-------+---------
